 Dungeon Crawl Stone Soup version 0.29-a0-352-g0917bc69df (webtiles) character file.

Game seed: 617516135952369887

184 croobank the Sneak (level 5, -5/29 (31) HPs)
             Began as an Octopode Fire Elementalist on Apr 23, 2022.
             Slain by a wight
             ... wielding a +0 dire flail
              (7 damage)
             ... on level 3 of the Dungeon on Apr 24, 2022.
             The game lasted 00:10:04 (2209 turns).

croobank the Sneak (Octopode Fire Elementalist)     Turns: 2209, Time: 00:10:05

HP:   -5/29 (31)    AC:  1    Str:  7    XL:     5   Next: 63%
MP:   5/9           EV: 13    Int: 20    God:
Gold: 114           SH:  0    Dex: 12    Spells: 2/9 levels left

rFire   + . .      SeeInvis .   b - +2 spear (vorpal)
rCold   + . .      Faith    .   (no shield)
rNeg    . . .      Spirit   .   (helmet restricted)
rPois   +          Reflect  .   (no amulet)
rElec   +          Harm     .   (no ring)
rCorr   +          Rampage  .   (no ring)
Will    .....                   (no ring)
Stlth   +++.......              (no ring)
HPRegen 0.09/turn               (no ring)
MPRegen 0.11/turn               (no ring)
                                (no ring)
                                (no ring)

@: resistant, drained
A: almost no armour, amphibious, 8 rings, camouflage 1, gelatinous body 1,
(nimble swimmer 1), tentacles
a: no special abilities


You were on level 3 of the Dungeon.
You visited 1 branch of the dungeon, and saw 3 of its levels.

You collected 114 gold pieces.

Inventory:

Hand Weapons
 b - a +2 vorpal spear (weapon)
 i - a +0 hunting sling
Missiles
 e - 82 stones
 g - 4 poisoned darts
Jewellery
 h - a ring of protection from fire
Scrolls
 f - 3 scrolls of identify
 k - a scroll of teleportation {unknown}
Potions
 a - a potion of magic
 c - 3 potions of curing {unknown}
 d - 3 potions of haste


   Skills:
 + Level 3.0 Dodging
 + Level 4.3 Stealth
 + Level 2.8 Spellcasting
 + Level 2.4 Conjurations
 + Level 3.8 Fire Magic


You had 2 spell levels left.
You knew the following spells:

 Your Spells              Type           Power      Damage    Failure   Level
a - Foxfire               Conj/Fire      60%        2x1d7     4%          1
b - Scorch                Fire           36%        2d7       4%          2
c - Flame Wave            Conj/Fire      15%        2d6       36%         4

Your spell library contained the following spells:

 Spells                   Type           Power      Damage    Failure   Level
 Magic Dart               Conj           48%        1d5       5%          1
 Call Imp                 Summ           2%         N/A       22%         2
 Conjure Flame            Conj/Fire      15%        6-21      12%         3
 Inner Flame              Hex/Fire       10%        N/A       21%         3
 Dazzling Flash           Conj/Hex       14%        N/A       26%         3
 Mephitic Cloud           Conj/Pois/Air  6%         N/A       30%         3
 Gell's Gravitas          Tloc           2%         N/A       41%         3
 Teleport Other           Tloc           2%         N/A       41%         3
 Agony                    Necr           2%         N/A       99%         5
 Silence                  Hex/Air        1%         N/A       99%         5
 Dispersal                Tloc           1%         N/A       100%        6


Dungeon Overview and Level Annotations

Branches:
Dungeon (3/15)

Altars:


Innate Abilities, Weirdness & Mutations

You cannot wear most types of armour.
You are amphibious.
You can wear up to eight rings at the same time.
Your skin changes colour to match your surroundings (Stealth+).
Your rubbery body absorbs attacks. (AC +1, EV +1)
((You are camouflaged when in or above water. (Stealth+)))
You have tentacles for arms and can constrict up to eight enemies at once.


Message History

Confirm with . or Enter, or press ? or * to list all spells.
You conjure some foxfire!
Your foxfire dissipates!
The foxfire hits the wight but does no damage.
There is a stone staircase leading up here.
You climb upwards.
There is a stone staircase leading down here.
You start resting.
Magic restored.
You start waiting.
Done waiting.
You climb downwards.
The wight closely misses you.
The wight hits you with a +0 dire flail!
There is a stone staircase leading up, spattered with blood here.
Casting: Foxfire (safe; 4% risk of failure)
Confirm with . or Enter, or press ? or * to list all spells.
Flames lash the wight.
The wight is moderately damaged.
The wight's fire resistance burns away.
The wight hits you with a +0 dire flail.
You feel drained.
Casting: Scorch (safe; 4% risk of failure)
Confirm with . or Enter, or press ? or * to list all spells.
Flames lash the wight.
The wight is burned terribly!
The wight is severely damaged.
The wight hits you with a +0 dire flail!
Ouch! That really hurt!
* * * LOW HITPOINT WARNING * * *
Okay, then.
Okay, then.
It was a potion of resistance.
You feel protected. The wight misses you.
Okay, then.
Okay, then.
Okay, then.
The wight attacks as you move away! The wight misses you.
The wight attacks as you move away!
The wight hits you with a +0 dire flail!
You die...

#.##.######..................
#.##.# #.<...#......##.####
#.##z# #.# #.......†..# #
#)##.# ##.#####...>..#..# #
#....####..<.........##..# #
#................###.#.#.# #
#...#####....##### #.##..#
#..## #.##z# #<# #.# #..#
#.##@## #.# #.#### #..#
#.#...## #.# #.....
#..######......### #.###...##
#................###.......##
##.######......#.............
#.######.#...##########.###.
#).......##.######## #.# #
###########........####.#
########......#


You could see a wight (combustible).

Vanquished Creatures
  A wight (D:3)
  Terence (D:2)
  An orc wizard (D:3)
  3 adders
  3 dart slugs (D:2)
  2 orcs (D:3)
  4 endoplasms
  4 giant cockroaches
  6 goblins
  A hobgoblin (D:2)
  8 jackals
  A quokka (D:2)
  6 ball pythons
  2 bats
  2 frilled lizards (D:3)
  A rat (D:2)
46 creatures vanquished.

Vanquished Creatures (collateral kills)
  5 foxfires (D:3)
5 creatures vanquished.

Vanquished Creatures (others)
  77 foxfires
  41 plants (D:3)
118 creatures vanquished.

Grand Total: 169 creatures vanquished

Notes
Turn   | Place    | Note
-------+----------+-------------------------------------------
     0 | D:1      | croobank the Octopode Fire Elementalist began the quest for
                  | the Orb.
     0 | D:1      | Reached XP level 1. HP: 11/11 MP: 3/3
   159 | D:1      | Reached XP level 2. HP: 17/17 MP: 3/5
   184 | D:1      | Found a faded altar of an unknown god.
   284 | D:1      | Reached skill level 3 in Stealth
   728 | D:2      | Noticed Terence
   744 | D:1      | Learned a level 2 spell: Scorch
   831 | D:2      | Reached XP level 3. HP: 13/21 MP: 0/6
  1138 | D:2      | Killed Terence
  1139 | D:2      | Reached XP level 4. HP: 24/27 MP: 7/7
  1632 | D:3      | Learned a level 4 spell: Flame Wave
  1727 | D:3      | Reached skill level 4 in Stealth
  1727 | D:3      | Reached XP level 5. HP: 21/31 MP: 3/9
  2203 | D:3      | HP: 1/29 [wight/+0 dire flail (16)]
  2209 | D:3      | Slain by a wight

Illustrated notes

Levels and vault maps discovered:
D:1:      sevenhm_arrival_forest_fort_small_3, layout_basic,
          shapermc_ecumenical_altar_gd
D:2:      layout_rooms, hangedman_decor_points, uniq_terence
D:3:      layout_loops_ring, mainiacjoe_overflow_concentric_impassable,
          serial_bayou_lagoon_a, chequers_arboretum

Skill      XL: |  1  2  3  4  5 |
---------------+----------------+-----
Stealth        | 3 4 |  4.3
Conjurations   | 2 |  2.4
Dodging        | 3 |  3.0
Spellcasting   | |  2.8
Fire Magic     | |  3.8

Action                   |  1- 3 |  4- 6 || total
-------------------------+-------+-------++-------
Melee: Spear             |    12 |    17 ||    29
       Tentacles         |     2 |     5 ||     7
       Constrict         |     4 |     4 ||     8
 Cast: Foxfire           |    29 |    19 ||    48
       Scorch            |     3 |     9 ||    12
  Use: Scroll            |     1 |     4 ||     5
       Potion            |     1 |     1 ||     2
Armor: Skin              |     1 |     1 ||     2
Dodge: Dodged            |    14 |    16 ||    30

Table legend: (Time is in decaauts)
 A = Elapsed time spent in this place.
 B = Non-inter-level travel time spent in this place.
 C = Inter-level travel time spent in this place.
 D = Time resting spent in this place.
 E = Time spent auto-exploring this place.
 F = Levels seen in this place.
 G = Mean time per level.
                   A        B        C        D        E       F      G
               +--------+--------+--------+--------+--------+-----+--------+
         Total |   2201 |   2109 |     92 |    294 |   1426 |   3 |  733.7 |
       Dungeon |   2201 |   2109 |     92 |    294 |   1426 |   3 |  733.7 |
               +--------+--------+--------+--------+--------+-----+--------+

Top non-repeatable levels by time:
     D:2: 947 daAuts
     D:1: 829 daAuts
     D:3: 424 daAuts
